 Dungeon Crawl Stone Soup version 0.23-a0-239-g84a5ed292d (webtiles) character file.

45579 PikkenKukken the Basher (level 14, -7/90 HPs)
             Began as a Gargoyle Fighter on Sept 26, 2018.
             Was a High Priest of Okawaru.
             Mangled by a komodo dragon (20 damage)
             ... on level 6 of the Lair of Beasts.
             The game lasted 00:41:35 (21966 turns).

PikkenKukken the Basher (Gargoyle Fighter)         Turns: 21966, Time: 00:41:35

Health: -7/90      AC: 29    Str: 25    XL:     14   Next: 33%
Magic:  19/21      EV: 10    Int:  9    God:    Okawaru [*****.]
Gold:   1072       SH: 21    Dex:  9    Spells: 13/13 levels left

rFire    + . .     SeeInvis .   T - +0 morningstar
rCold    + . .     Gourm    .   j - +0 large shield
rNeg     + . .     Faith    .   n - +0 plate armour
rPois    ∞         Spirit   .   L - +0 hat {MR+}
rElec    +         Reflect  .   b - scarf {rC+ rF+}
rCorr    .         Harm     .   z - +0 pair of gloves
MR       ++++.                  (no boots)
Stlth    ..........             (no amulet)
HPRegen  0.25/turn              g - ring of protection from magic
MPRegen  0.17/turn              J - ring of protection from magic

@: heroism
A: big wings, negative energy resistance 1, electricity resistance, unbreathing,
petrification resistance, rot immunity, AC +10
a: Fly, Heroism, Finesse, Renounce Religion


You were on level 6 of the Lair of Beasts.
You worshipped Okawaru.
Okawaru was extremely pleased with you.
You were not hungry.

You visited 3 branches of the dungeon, and saw 19 of its levels.
You also visited: Sewer.

You collected 1096 gold pieces.
You spent 24 gold pieces at shops.

Inventory:

Hand Weapons
 a - a +1 flail
 y - a +0 flail of protection
 T - a +0 morningstar (weapon)
Armour
 b - a scarf of resistance (worn)
 j - a +0 large shield (worn)
 n - a +0 plate armour (worn)
 z - a +0 pair of gloves (worn)
 K - a +0 cloak
 L - a +0 hat of magic resistance (worn)
 R - +0 ice dragon scales
Jewellery
 g - a ring of protection from magic (left hand)
 k - an uncursed ring of see invisible
 J - a ring of protection from magic (right hand)
Wands
 i - a wand of acid (5)
 t - a wand of iceblast (10)
 v - a wand of random effects (34)
 B - a wand of digging (12)
 F - a wand of polymorph (14)
 G - a wand of paralysis (12)
 I - a wand of flame (30)
 N - a wand of enslavement (28)
Scrolls
 c - 4 scrolls of blinking
 u - 4 scrolls of enchant weapon
 A - 11 scrolls of remove curse
 D - a scroll of fear
 E - 2 scrolls of amnesia
 M - 5 scrolls of identify
 P - a scroll of enchant armour
 Q - 3 scrolls of teleportation
 S - 2 scrolls of vulnerability
 U - a scroll of brand weapon
Potions
 d - a potion of might
 e - 3 potions of lignification
 h - 12 potions of curing
 l - 5 potions of invisibility
 m - 4 potions of resistance
 o - 3 potions of heal wounds
 q - 5 potions of brilliance
 r - 6 potions of flight
 s - 2 potions of agility
 w - 3 potions of ambrosia
 x - 2 potions of haste
 C - a potion of berserk rage
 H - 3 potions of mutation
 O - a potion of cancellation
Comestibles
 f - 34 rations
 p - 10 chunks of flesh


   Skills:
 + Level 11.4(16.4) Fighting
 * Level 13.9(18.9) Maces & Flails
 + Level 11.3(16.3) Armour
 - Level 5.0(10.0) Dodging
 + Level 11.3(16.3) Shields
 + Level 9.7 Invocations


You had 13 spell levels left.
You didn't know any spells.
Your spell library contained the following spells:

 Spells                   Type           Power        Failure   Level  Hunger
 Beastly Appendage        Tmut           #.....       100%        1    ##.....
 Confusing Touch          Hex            #.....       100%        1    ##.....
 Infusion                 Chrm           #...         100%        1    ##.....
 Shock                    Conj/Air       #...         100%        1    ##.....
 Sting                    Conj/Pois      #...         100%        1    ##.....
 Summon Small Mammal      Summ           #...         100%        1    ##.....
 Call Imp                 Summ           #.......     100%        2    ###....
 Poisonous Vapours        Pois/Air       #.....       100%        2    ###....
 Shroud of Golubria       Chrm/Tloc      #.........   100%        2    ###....
 Song of Slaying          Chrm           #.......     100%        2    ###....
 Sticks to Snakes         Tmut           #.......     100%        2    ###....
 Swiftness                Chrm/Air       #.......     100%        2    ###....
 Call Canine Familiar     Summ           #.......     100%        3    ####...
 Confuse                  Hex            #.......     100%        3    ####...
 Gell's Gravitas          Tloc           #.........   100%        3    ####...
 Mephitic Cloud           Conj/Pois/Air  #.......     100%        3    ####...
 Regeneration             Chrm/Necr      #.........   100%        3    ####...
 Spectral Weapon          Hex/Chrm       #.......     100%        3    ####...
 Spider Form              Tmut/Pois      #.........   100%        3    ####...
 Static Discharge         Conj/Air       #.......     100%        3    ####...
 Summon Guardian Golem    Hex/Summ       #.......     100%        3    ####...
 Airstrike                Air            #.........   100%        4    #####..
 Ice Form                 Ice/Tmut       #.......     100%        4    #####..
 Olgreb's Toxic Radiance  Pois           #.......     100%        4    #####..
 Petrify                  Tmut/Erth      #.......     100%        4    #####..
 Summon Ice Beast         Ice/Summ       #.......     100%        4    #####..
 Summon Lightning Spire   Summ/Air       #.......     100%        4    #####..
 Blade Hands              Tmut           #.........   100%        5    ######.
 Lightning Bolt           Conj/Air       #.........   100%        5    ######.
 Metabolic Englaciation   Hex/Ice        #.........   100%        5    ######.
 Venom Bolt               Conj/Pois      #.........   100%        5    ######.
 Yara's Violent Unravell  Hex/Tmut       #.........   100%        5    ######.
 Tornado                  Air            #.........   100%        9    #######


Dungeon Overview and Level Annotations

Branches:
Dungeon (12/15)            Temple (1/1) D:6            Lair (6/6) D:11
 Shoals (0/4) Lair:2        Snake (0/4) Lair:3        Slime (0/5) Lair:5
    Orc (0/2) D:12

Altars:
Kikubaaqudgha
Makhleb
Okawaru
Wu Jian
Xom
Zin

Shops:
D:5 :   D:7 :   D:8 ?

Annotations:
D:11 Josephine
D:12 1 runed door
Lair:1 1 runed door, rvm's ghost, journeyman DgFE


Innate Abilities, Weirdness & Mutations

You are resistant to torment.
Your stone body is resilient. (AC +10)
You are immune to poison.
Your large and strong wings let you fly indefinitely.
You resist negative energy. (rN+)
You are resistant to electric shocks. (rElec)
You can survive without breathing.
You are immune to petrification.
You are immune to rotting.


Message History

You are too injured to fight recklessly!
You are too injured to fight recklessly!
You are too injured to fight recklessly!
You are too injured to fight recklessly!
You are too injured to fight recklessly!
You are too injured to fight recklessly!
You are too injured to fight recklessly!
You are too injured to fight recklessly!
You are too injured to fight recklessly!
You are too injured to fight recklessly!
You gain the combat prowess of a mighty hero.
You block the komodo dragon's attack.
You puncture the komodo dragon!
The komodo dragon is heavily wounded.
The komodo dragon bites you!!
* * * LOW HITPOINT WARNING * * *
You hit the komodo dragon but do no damage.
The komodo dragon is heavily wounded.
The komodo dragon bites you!!
You die...

###...........#
#............#.#
#..........#.# .
#...........#..
##........#.....
#......P##.....
#.[...PP# ##..
###......#
#@lY...#P# #
###Y...###.##l.
#.....#......
#............
#............
#............
#.......(....
#...........Y
#P...........


You could see a komodo dragon and 2 yaks.

Vanquished Creatures
  Gastronok (Lair:1)
  Harold (Lair:2)
  An ice dragon (D:12)
  4 hydras
  A centaur warrior (D:12)
  2 two-headed ogres
  Urug (Lair:1)
  4 skeletal warriors (D:12)
  2 unseen horrors (D:12)
  A lindwurm (Lair:4)
  A wolf spider zombie (D:12)
  An ugly thing (D:12)
  4 cyclopes
  Psyche (D:11)
  4 black mambas
  A gargoyle (D:11)
  A merfolk siren (Lair:2)
  10 spiny frogs
  A rime drake (Lair:4)
  A yaktaur (D:12)
  9 komodo dragons
  3 trolls
  3 polar bears
  12 blink frogs
  3 meliai (D:12)
  5 hippogriffs
  A slime creature (D:12)
  A centaur simulacrum (D:12)
  A shadow (D:11)
  36 yaks
  5 wraiths
  2 vampires (D:12)
  4 basilisks
  A wyvern (D:12)
  A human (D:10)
  3 hungry ghosts
  A vampire mosquito (D:12)
  An acid dragon (D:12)
  11 water moccasins
  7 porcupines
  5 orc warriors
  2 sky beasts
  6 ogres
  3 black bears
  2 necrophages
  8 ice beasts
  3 phantoms
  3 centaurs
  10 crocodiles
  5 big kobolds
  21 bullfrogs
  A gnoll sergeant (D:11)
  A wyvern zombie (D:8)
  3 scorpions
  A water moccasin skeleton (D:6)
  5 wights (D:8)
  A killer bee (D:12)
  An electric eel (Lair:3)
  5 howler monkeys
  10 crimson imps
  2 centaur zombies (D:12)
  2 quasits
  7 hounds
  7 orc wizards
  3 centaur skeletons (D:10)
  5 orc priests
  An iguana (D:10)
  6 jellies
  A bullfrog skeleton (D:9)
  12 worker ants
  2 hound skeletons
  2 hound zombies
  5 worker ant zombies
  7 gnolls
  19 adders
  3 shadow imps
  12 oozes
  2 adder skeletons
  6 worms
  5 dart slugs
  10 leopard geckos
  31 orcs
  12 bats
  8 giant cockroaches
  10 goblins
  5 hobgoblins
  10 jackals
  3 quokkas
  2 ball pythons
  6 frilled lizards
  A jackal skeleton (D:4)
  34 kobolds
  A quokka skeleton (D:9)
  7 rats
498 creatures vanquished.

Vanquished Creatures (others)
  A rime drake (Lair:5)
  A butterfly (Lair:5)
  8 fungi
  12 plants
22 creatures vanquished.

Grand Total: 520 creatures vanquished

Notes
Turn   | Place    | Note
-------+----------+-------------------------------------------
     0 | D:1      | PikkenKukken the Gargoyle Fighter began the quest for the
                  | Orb.
     0 | D:1      | Reached XP level 1. HP: 14/14 MP: 1/1
   205 | D:1      | Reached XP level 2. HP: 16/19 MP: 2/2
  1103 | D:1      | Reached XP level 3. HP: 23/23 MP: 3/3
  1538 | D:2      | Reached skill level 3 in Maces & Flails
  1538 | D:2      | Reached XP level 4. HP: 24/29 MP: 4/4
  1661 | D:2      | Reached skill level 1 in Dodging
  1790 | D:2      | You fall through a shaft for 2 floors!
  1791 | D:4      | Noticed a phantom
  1894 | D:3      | Found a glowing drain.
  1907 | Sewer    | Entered a sewer
  1926 | Sewer    | Reached XP level 5. HP: 27/33 MP: 5/5
  3369 | D:2      | Found a glowing silver altar of Zin.
  3563 | D:3      | Reached XP level 6. HP: 38/38 MP: 6/6
  3895 | D:4      | Killed a phantom
  3895 | D:4      | Reached skill level 4 in Maces & Flails
  3988 | D:4      | Noticed a phantom
  4129 | D:4      | Killed a phantom
  4129 | D:4      | Reached XP level 7. HP: 41/44 MP: 7/7
  4276 | D:4      | Reached skill level 5 in Maces & Flails
  4408 | D:4      | Found a burning altar of Makhleb.
  4667 | D:4      | Reached skill level 5 in Fighting
  4907 | D:5      | Entered Level 5 of the Dungeon
  5001 | D:5      | Reached skill level 5 in Armour
  5001 | D:5      | Reached XP level 8. HP: 40/49 MP: 8/8
  5063 | D:5      | Reached skill level 5 in Shields
  5290 | D:4      | Reached skill level 6 in Maces & Flails
  5417 | D:5      | Found Ohyf's Book Shoppe.
  5963 | D:6      | Reached XP level 9. HP: 49/55 MP: 9/9
  6235 | D:6      | Reached skill level 7 in Maces & Flails
  6699 | D:6      | Found a staircase to the Ecumenical Temple.
  6768 | Temple   | Entered the Ecumenical Temple
  6775 | Temple   | Became a worshipper of Warmaster Okawaru
  6939 | D:7      | Found Boqo's Book Shop.
  6974 | D:7      | Reached skill level 1 in Invocations
  7804 | D:7      | Reached * piety under Okawaru
  8138 | D:7      | Reached skill level 8 in Maces & Flails
  8265 | D:7      | Identified the Catalogue of Noxious Weightlessness
  8475 | D:7      | Reached XP level 10. HP: 60/61 MP: 11/11
  8856 | D:8      | Reached ** piety under Okawaru
  8967 | D:8      | Found Dugonwaesh's Magic Scroll Emporium.
  9351 | D:8      | Bought a scroll of identify for 24 gold pieces
  9807 | D:9      | Reached skill level 9 in Maces & Flails
 10023 | D:9      | Reached skill level 5 in Dodging
 10551 | D:10     | Entered Level 10 of the Dungeon
 10722 | D:10     | Reached *** piety under Okawaru
 10742 | D:10     | Noticed a two-headed ogre
 10764 | D:10     | Killed a two-headed ogre
 10820 | D:10     | Reached XP level 11. HP: 68/68 MP: 14/14
 10862 | D:10     | Reached **** piety under Okawaru
 11537 | D:11     | Found a staircase to the Lair.
 11723 | D:11     | Noticed Josephine
 11776 | D:11     | Reached skill level 5 in Invocations
 11836 | D:11     | Noticed a cyclops
 11857 | Lair:1   | Entered Level 1 of the Lair of Beasts
 12048 | Lair:1   | Noticed Gastronok
 12089 | Lair:1   | Killed Gastronok
 12089 | Lair:1   | Reached skill level 10 in Maces & Flails
 12362 | Lair:1   | Noticed Urug
 12366 | Lair:1   | Reached ***** piety under Okawaru
 12421 | Lair:1   | Killed Urug
 13393 | Lair:1   | Found a runed door.
 13606 | Lair:1   | Noticed rvm's ghost (journeyman DgFE)
 13607 | Lair:1   | Noticed a spriggan rider
 13636 | Lair:2   | Noticed Harold
 13660 | Lair:2   | Killed Harold
 13660 | Lair:2   | Reached XP level 12. HP: 76/76 MP: 9/16
 13712 | Lair:2   | Reached skill level 11 in Maces & Flails
 14079 | Lair:2   | Found a staircase to the Shoals.
 14148 | Lair:2   | Received a gift from Okawaru
 14959 | Lair:3   | Found a staircase to the Snake Pit.
 16016 | Lair:4   | Reached skill level 12 in Maces & Flails
 16129 | Lair:4   | Reached skill level 10 in Fighting
 16494 | Lair:4   | Reached skill level 10 in Shields
 16784 | Lair:4   | Reached skill level 10 in Armour
 16875 | Lair:4   | Reached XP level 13. HP: 82/82 MP: 16/18
 17546 | D:9      | Received a gift from Okawaru
 18372 | D:11     | Got a twisted chain mail
 18383 | D:11     | Identified the cursed +1 chain mail of the Harp {rCorr
                  | Str-2 Int+6} (You found it on level 11 of the Dungeon)
 18405 | D:11     | Noticed Psyche
 18409 | D:11     | Killed Psyche
 18655 | D:12     | Found a runed door.
 19366 | D:12     | Received a gift from Okawaru
 19388 | D:12     | Noticed an ice dragon
 19424 | D:12     | Killed an ice dragon
 19424 | D:12     | Reached skill level 13 in Maces & Flails
 19652 | D:12     | Received a gift from Okawaru
 19891 | D:12     | Found a staircase to the Orcish Mines.
 20524 | D:12     | Gained mutation: Your large and strong wings let you fly
                  | indefinitely. [Gargoyle growth]
 20524 | D:12     | Reached XP level 14. HP: 80/90 MP: 18/21
 20532 | D:12     | Received a gift from Okawaru
 21133 | Lair:5   | Found a staircase to the Slime Pits.
 21450 | Lair:6   | Entered Level 6 of the Lair of Beasts
 21966 | Lair:6   | Mangled by a komodo dragon

Vault maps used:
D:1:      dpeg_arrival_circle_labyrinth_a
D:2:      lemuel_coloured_pillars_altar
D:3:      portal_sewer_entry_b, first_ration
D:4:      serial_bayou, serial_bayou_pond_d, serial_bayou_pond_b,
          serial_bayou_ford_a, serial_bayou_pond_c, serial_bayou_lagoon_a,
          makhleb_heckhound_becter
D:5:      serial_shops, shop, minmay_ogre_servants
D:6:      lemuel_temple_firewalk_b
D:7:      serial_shops, shop
D:8:      kennysheep_windowed_goal
D:10:     grunt_pizzeria, st_stairs_11
D:11:     lair_entry_dummy, uniq_psyche, uniq_josephine
D:12:     minmay_the_grid_four_pointed_star, jmf_multi_god_temple2
Temple:   nicolae_temple_the_god_donut
Lair:1:   ebering_ghost_funeral_grove, uniq_gastronok, uniq_urug
Lair:2:   minmay_shoals_entry_lonely_mermaid, grunt_megastairs_4, uniq_harold
Lair:3:   dummy_snake_entry, serial_bayou_shore_a, lemuel_fruit_tree,
          lemuel_fruit_fields
Lair:5:   nicolae_slime_entry_slimehenge
Lair:6:   hangedman_lair_caniforms_friends, serial_bayou_pond_a,
          grunt_megastairs_1, serial_bayou_shore_b
Sewer:    sewer_fruit_machine

Skill      XL: |  1  2  3  4  5  6  7  8  9 10 11 12 13 |
---------------+----------------------------------------+-----
Maces & Flails | 3 4 5 6 8 9 10 12 13 | 13.9
Dodging        | 1 2 3 4 5 |  5.0
Fighting       | 4 5 6 8 9 10 11 | 11.4
Shields        | 4 5 6 7 8 10 11 | 11.3
Armour         | 4 5 6 7 8 10 11 | 11.3
Invocations    | 2 4 6 7 9 |  9.7

Action                   |  1- 3 |  4- 6 |  7- 9 | 10-12 | 13-15 || total
-------------------------+-------+-------+-------+-------+-------++-------
Melee: Flail             |   128 |   314 |   593 |  1388 |   727 ||  3150
       Morningstar       |       |       |       |       |   233 ||   233
Invok: Heroism           |       |       |       |    20 |    13 ||    33
       Finesse           |       |       |       |     2 |     4 ||     6
Evoke: Wand              |       |       |       |     4 |       ||     4
  Use: Scroll            |     3 |     6 |    10 |     9 |     6 ||    34
       Potion            |       |       |     1 |     1 |     2 ||     4
  Eat: Chunk             |     2 |    10 |    12 |    25 |    14 ||    63
       Ration            |       |       |     1 |     7 |     1 ||     9
Armor: Scale mail        |    82 |   171 |   114 |       |       ||   367
       Plate armour      |       |       |   168 |   587 |   352 ||  1107
Dodge: Dodged            |    47 |    72 |    74 |   181 |   135 ||   509
Block: Shield            |    80 |     2 |       |       |       ||    82
       Large shield      |       |   295 |   447 |  1118 |   742 ||  2602

Table legend:
 A = Non-vault XP
 B = Vault XP
 C = Vault XP percentage of total XP
 D = Non-vault monster count
 E = Vault monster count
 F = Vault count percentage of total count
                 A         B        C        D         E       F
            +---------+---------+-------+---------+---------+-------
      Total |   50978 |   14136 |  21.7 |     415 |      83 |  16.7
            +---------+---------+-------+---------+---------+-------
        D:1 |      37 |       0 |   0.0 |      18 |       0 |   0.0
        D:2 |     130 |       0 |   0.0 |      25 |       0 |   0.0
        D:3 |      55 |       6 |   9.8 |      11 |       5 |  31.2
        D:4 |     496 |     228 |  31.5 |      18 |       5 |  21.7
        D:5 |    1210 |     144 |  10.6 |      28 |       9 |  24.3
        D:6 |    1109 |       0 |   0.0 |      28 |       0 |   0.0
        D:7 |    1535 |       0 |   0.0 |      30 |       0 |   0.0
        D:8 |    1018 |     187 |  15.5 |      18 |       2 |  10.0
        D:9 |    1677 |       0 |   0.0 |      42 |       0 |   0.0
       D:10 |    2082 |     319 |  13.3 |      16 |       3 |  15.8
       D:11 |    2327 |    1289 |  35.6 |      20 |       5 |  20.0
       D:12 |   12099 |    6491 |  34.9 |      47 |      16 |  25.4
     Lair:1 |    3087 |    3073 |  49.9 |      14 |       2 |  12.5
     Lair:2 |    2785 |    1801 |  39.3 |      12 |       3 |  20.0
     Lair:3 |    6008 |       0 |   0.0 |      33 |       0 |   0.0
     Lair:4 |    7130 |       0 |   0.0 |      23 |       0 |   0.0
     Lair:5 |    2488 |     111 |   4.3 |      11 |       6 |  35.3
     Lair:6 |    5705 |     377 |   6.2 |      21 |       1 |   4.5
      Sewer |       0 |     110 | 100.0 |       0 |      26 | 100.0
            +---------+---------+-------+---------+---------+-------
